 Dungeon Sprint DCSS version 0.30-a0-719-gcc4359ea44 (webtiles) character file.

Game seed: 12185967349832384301

39 CrazyBamboolord the Covered (level 3, 0/36 HPs)
             Began as a Minotaur Fighter on Jan 26, 2023.
             Slain by a shadow (9 damage)
             ... in the Dungeon (Sprint VII: "The Pits").
             The game lasted 00:01:14 (243 turns).

CrazyBamboolord the Covered (Minotaur Fighter)       Turns: 243, Time: 00:01:14

Health: 0/36       AC:  7    Str: 22    XL:     3   Next: 28%
Magic:  2/2        EV:  9    Int:  5    God:
Gold:   0          SH:  4    Dex:  9    Spells: 2/2 levels left

rFire   . . .      SeeInvis .    a - +0 war axe
rCold   . . .      Faith    .    c - +0 buckler
rNeg    . . .      Spirit   .    b - +0 scale mail
rPois   .          Reflect  .    (helmet restricted)
rElec   .          Harm     .    (no cloak)
rCorr   .          Rampage  .    (no gloves)
Will    .....      NoTele   +    (no boots) Stlth
                                 (no amulet)
HPRegen 0.26/turn                (no ring)
MPRegen 0.08/turn                (no ring)

@: mighty
A: horns 2, retaliatory headbutt
a: no special abilities


You were in the Dungeon.
You visited 1 branch

Inventory:

Hand Weapons
 a - a +0 war axe (weapon)
Armour
 b - a +0 scale mail (worn)
 c - a +0 buckler (worn)
Potions
 g - a potion of haste
 h - 2 potions of magic
 i - a potion of berserk rage


   Skills:
 * Level 5.5 Fighting
 * Level 4.0 Axes
 * Level 5.5 Armour
 * Level 5.3 Shields


You had 2 spell levels left.
You didn't know any spells.
Your spell library was empty.

Dungeon Overview and Level Annotations

Branches:
Dungeon (1/1)

Altars:


Innate Abilities, Weirdness & Mutations

You have a pair of horns on your head.
You reflexively headbutt those who attack you in melee.


Message History

You slash the jackal!
You kill the jackal!
You hit the goblin. You block the goblin's attack.
The shadow slips into darkness.
The shadow flickers and vanishes!
The goblin hits you but does no damage.
Your Axes skill increases to level 4!
You hit something but do no damage. You headbutt something.
You closely miss something. You closely miss the goblin.
The shadow strikes at you from the darkness!
Reactivating autopickup.
The goblin hits you with a +0 club.
You hear some strange, mumbled words.
Deactivating autopickup; reactivate with Ctrl-A.
Something tries to affect you, but you resist.
The shadow hits you.
You hit the shadow but do no damage. You miss something. You hit the goblin.
You kill the goblin!
You block something's attack. The shadow hits you.
You slash the shadow!
The shadow is heavily damaged.
You miss something. You barely miss the orc. The orc hits you with a +0 club.
Something hits you. The shadow hits you. Something hits you but does no damage.
The orc hits you but does no damage.
You hit the orc but do no damage. You closely miss the shadow.
You barely miss something.
The shadow slips into darkness.
The shadow flickers and vanishes!
Something hits you.
* * * LOW HITPOINT WARNING * * *
The orc hits you but does no damage.
You feel better.
The shadow strikes at you from the darkness!
* * * LOW HITPOINT WARNING * * *
Reactivating autopickup.
The orc barely misses you. You furiously retaliate!
You headbutt the orc!
You kill the orc!
Something hits you but does no damage.
Deactivating autopickup; reactivate with Ctrl-A.
You feel very mighty all of a sudden. The shadow hits you!
You die...

+.##......#..
##########.##.........
#.....)....†+.........
#'#####'#####......#..
#.#....o# #.....W.§.
#.#.....# ####'#####
#.###C### #.......##
#.#.)W†.# #.......##
#.#..@..# #.......##
#.####+## #...<...##
#.# #.......## #.#
#.......## #'#
#.......## #..
########## #.## #.#
#.#


You could see a cyclops and a shadow.

Vanquished Creatures
  An orc wizard (D)
  2 orcs (D)
  A bat skeleton (D)
  A giant cockroach (D)
  A goblin (D)
  4 jackals (D)
  A ball python (D)
11 creatures vanquished.

Notes
Turn   | Place    | Note
-------+----------+-------------------------------------------
     0 | D        | CrazyBamboolord the Minotaur Fighter began the quest for
                  | the Orb.
     0 | D        | Reached XP level 1. HP: 19/19 MP: 0/0
    62 | D        | Noticed an orc wizard
    62 | D        | Noticed a quasit
    97 | D        | Killed an orc wizard
    98 | D        | Reached skill level 5 in Fighting
    98 | D        | Reached skill level 5 in Armour
    98 | D        | Reached skill level 5 in Shields
    98 | D        | Reached XP level 2. HP: 11/29 MP: 1/1
    98 | D        | Reached XP level 3. HP: 14/36 MP: 2/2
   206 | D        | Noticed a shadow
   207 | D        | Noticed a cyclops
   243 | D        | Slain by a shadow

Illustrated notes

Levels and vault maps discovered:
D:        pitsprint [storerooms_1, entrance_room_1, metal_vault_3, armoury_1,
          mini_pit_1, grid_room_1, main_hall_1, silver_pit, the_coven_3,
          the_vestibule_1, steel_vault_2, golden_pit, hallway_of_sentries,
          crystal_vault_4, iron_vault_1, final_vault]

Skill      XL: |  1  2  3 |
---------------+----------+-----
Fighting       | 5 |  5.5
Armour         | 5 |  5.5
Shields        | 5 |  5.3
Axes           | 3 4 |  4.0

Action                     || total
---------------------------++-------
  Melee: War axe           ||    30
         Headbutt          ||     1
    Use: Potion            ||     3
         Scroll            ||     1
 Armour: Scale mail        ||    30
  Dodge: Dodged            ||    15
  Block: Buckler           ||     9

Table legend: (Time is in decaauts)
 A = Elapsed time spent in this place.
 B = Non-inter-level travel time spent in this place.
 C = Inter-level travel time spent in this place.
 D = Time resting spent in this place.
 E = Time spent auto-exploring this place.
 F = Levels seen in this place.
 G = Mean time per level.
                   A        B        C        D        E       F      G
               +--------+--------+--------+--------+--------+-----+--------+
         Total |    254 |    241 |     13 |     96 |      0 |   1 |  254.0 |
       Dungeon |    254 |    241 |     13 |     96 |      0 |   1 |  254.0 |
               +--------+--------+--------+--------+--------+-----+--------+

Top non-repeatable levels by time:
       D: 254 daAuts
